 Dungeon Crawl Stone Soup version 0.22-a0-542-gce4f928 (webtiles) character file.

169 inc the Sneak (level 5, -5/31 HPs)
             Began as an Octopode Enchanter on June 24, 2018.
             Slain by an ogre
             ... wielding a +0 giant club
              (21 damage)
             ... on level 4 of the Dungeon.
             The game lasted 00:04:28 (3937 turns).

inc the Sneak (Octopode Enchanter)                  Turns: 3937, Time: 00:04:29

Health: -5/31      AC:  1    Str:  7    XL:     5   Next: 50%
Magic:  5/9        EV: 13    Int: 19    God:
Gold:   212        SH:  0    Dex: 12    Spells: 0/9 levels left

rFire    . . .     SeeInvis .   a - +1 dagger
rCold    . . .     Gourm    .   (no shield)
rNeg     . . .     Faith    .   (helmet restricted)
rPois    .         Spirit   .   (no amulet)
rElec    .         Reflect  .   (no ring)
rCorr    .         Harm     .   (no ring)
MR       .....                  (no ring)
Stlth    +++.......             (no ring)
HPRegen  0.10/turn              (no ring)
MPRegen  0.11/turn              (no ring)
                                (no ring)
                                (no ring)

@: no status effects
A: almost no armour, stealthy swim, amphibious, 8 rings, constrict 8, camouflage
1, gelatinous body 1
a: no special abilities


You were on level 4 of the Dungeon.
You were hungry.

You visited 1 branch of the dungeon, and saw 4 of its levels.

You collected 212 gold pieces.

Inventory:

Hand Weapons
 a - a +1 dagger (weapon)
Scrolls
 b - 9 scrolls of identify {unknown}
 g - a scroll of amnesia {unknown}
 l - a scroll of enchant armour {unknown}
 m - a scroll of remove curse {unknown}
 n - a scroll of immolation {unknown}
 o - a scroll of magic mapping {unknown}
 p - a scroll of teleportation {unknown}
Potions
 d - 4 potions of degeneration {unknown}
 e - a potion of brilliance {unknown}
 f - 2 potions of lignification {unknown}
 h - a potion of berserk rage {unknown}
 i - a potion of heal wounds {unknown}
 j - 2 potions of ambrosia {unknown}
 k - a potion of curing {unknown}
Comestibles
 c - 12 rations


   Skills:
 - Level 1.0 Short Blades
 - Level 2.0 Dodging
 - Level 4.0 Stealth
 - Level 2.8 Spellcasting
 + Level 3.8 Hexes
 - Level 3.8 Ice Magic


You couldn't memorise any spells.
You knew the following spells:

 Your Spells              Type           Power        Failure   Level  Hunger
a - Corona                Hex            ###....      3%          1    None
b - Ensorcelled Hibernat  Hex/Ice        ###...       4%          2    ##.....
c - Confuse               Hex            ###.....     10%         3    ###....
d - Dazzling Spray        Conj/Hex       #.....       22%         3    ###....

Your spell library contained the following spells:

 Spells                   Type           Power        Failure   Level  Hunger
 Tukima's Dance           Hex            ###.....     10%         3    ###....


Dungeon Overview and Level Annotations

Branches:
Dungeon (4/15)
 Temple: D:4-7

Altars:
Nemelex Xobeh
Ru


Innate Abilities, Weirdness & Mutations

You cannot wear most types of armour.
You are very stealthy in the water. (Stealth+)
You are amphibious.
You can wear up to eight rings at the same time.
You can use your tentacles to constrict eight enemies at once.
Your skin changes colour to match your surroundings (Stealth+).
Your rubbery body absorbs attacks. (AC +1, EV +1)


Message History

There is a stone staircase leading down here.
The ogre shouts!
The ogre hits you with a giant club!
Ouch! That really hurt!
Casting: Ensorcelled Hibernation (safe; 4% risk of failure)
Confirm with . or Enter, or press ? or * to list all spells.
Aiming: Ensorcelled Hibernation (safe; 4% risk of failure)
Press: ? - help, Shift-Dir - straight line, f/p - ogre
Aim: an ogre, wielding a giant club (chance to defeat MR: 48%)
The ogre resists with some effort.
Casting: Ensorcelled Hibernation (safe; 4% risk of failure)
Confirm with . or Enter, or press ? or * to list all spells.
Aiming: Ensorcelled Hibernation (safe; 4% risk of failure)
Press: ? - help, Shift-Dir - straight line, f/p - ogre
Aim: an ogre, wielding a giant club (chance to defeat MR: 48%)
The ogre resists with some effort.
You are feeling hungry.
The ogre hits you with a giant club!!
Ouch! That really hurt!
You die...

... ####.###
##########.###.......
....................#
.####.###..###..# .#
## #...........#
.#### #
#.###..###..###.....
#.# #..###.>...$# #.#
#......#.#.## #.#
#.######@#.# #.# #.#
#O#†#..... #.# #.#
#.#.#.... #. ...
#.#.#...# #.#Z#...# #
..#.#...#.###
###.#...#...
#.#...#.#
#######.......#


You could see an ogre.

Vanquished Creatures
  Jessica (D:2)
  8 adders
  A howler monkey skeleton (D:4)
  A leopard gecko (D:1)
  4 orcs (D:3)
  2 ball pythons
  4 giant cockroaches
  4 goblins
  7 hobgoblins
  4 jackals (D:4)
  2 quokkas (D:3)
  4 bats
  7 frilled lizards
  7 kobolds
  4 rats
60 creatures vanquished.

Notes
Turn   | Place    | Note
-------+----------+-------------------------------------------
     0 | D:1      | inc the Octopode Enchanter began the quest for the Orb.
     0 | D:1      | Reached XP level 1. HP: 11/11 MP: 3/3
   323 | D:1      | Reached XP level 2. HP: 8/17 MP: 5/5
   638 | D:1      | Learned a level 2 spell: Ensorcelled Hibernation
   877 | D:1      | Reached skill level 1 in Ice Magic
  1241 | D:2      | Reached XP level 3. HP: 9/21 MP: 1/7
  1427 | D:2      | Found a sparkling altar of Nemelex Xobeh.
  1610 | D:2      | Noticed Jessica
  1617 | D:2      | Killed Jessica
  1617 | D:2      | Reached XP level 4. HP: 27/27 MP: 8/8
  2528 | D:3      | Reached XP level 5. HP: 27/31 MP: 9/9
  3420 | D:4      | Noticed an ogre
  3747 | D:3      | Learned a level 3 spell: Confuse
  3751 | D:3      | Learned a level 3 spell: Dazzling Spray
  3816 | D:4      | Found a sacrificial altar of Ru.
  3937 | D:4      | Slain by an ogre

Vault maps used:
D:1:      dpeg_arrival_lava_temple_mockup, corexii_item_surrounded_by_moat
D:2:      nemelex_lonely_heart_becter, uniq_jessica
D:4:      overflow_temple_1_default, first_ration, minmay_misc_feat_room

Skill      XL: |  1  2  3 |
---------------+----------+-----
Ice Magic      | 1 3 |  3.8
Short Blades   | |  1.0
Dodging        | |  2.0
Stealth        | |  4.0
Spellcasting   | |  2.8
Hexes          | |  3.8

Action                   |  1- 3 |  4- 6 || total
-------------------------+-------+-------++-------
Melee: Dagger            |    44 |    77 ||   121
       Constrict         |     7 |    15 ||    22
       Tentacles         |     5 |     8 ||    13
 Cast: Ensorcelled Hiber |     3 |    21 ||    24
 Stab: Sleeping          |    20 |    13 ||    33
  Eat: Chunk             |     2 |     8 ||    10
Armor: Skin              |     1 |     2 ||     3
Dodge: Dodged            |     9 |    35 ||    44

Table legend:
 A = Spawn XP
 B = Non-spawn XP
 C = Spawn XP percentage of total XP
 D = Spawn monster count
 E = Non-spawn monster count
 F = Spawn count percentage of total count
 G = Total turns spent on level
                    A         B        C        D         E        F      G
               +---------+---------+-------+---------+---------+-------+---------
         Total |       0 |     242 |   0.0 |       0 |      60 |   0.0 |  3937
               +---------+---------+-------+---------+---------+-------+---------
           D:1 |       0 |      29 |   0.0 |       0 |      19 |   0.0 |  1207
           D:2 |       0 |     108 |   0.0 |       0 |      17 |   0.0 |   778
           D:3 |       0 |      40 |   0.0 |       0 |      14 |   0.0 |  1516
           D:4 |       0 |      65 |   0.0 |       0 |      10 |   0.0 |   436
               +---------+---------+-------+---------+---------+-------+---------
